 Dungeon Crawl Stone Soup version 0.27-a0-1202-ge72e49191c (webtiles) character file.

Game seed: 1133944592143646126

419 pokeman the Magician (level 6, -8/34 HPs)
             Began as a Deep Elf Hedge Wizard on June 3, 2021.
             Mangled by Duvessa
             ... wielding a +0 short sword
              (11 damage)
             ... on level 4 of the Dungeon.
             The game lasted 00:08:46 (3805 turns).

pokeman the Magician (Deep Elf Hedge Wizard)        Turns: 3805, Time: 00:08:47

Health: -8/34      AC:  4    Str:  7    XL:     6   Next: 62%
Magic:  17/27      EV: 12    Int: 21    God:
Gold:   196        SH:  0    Dex: 14    Spells: 8/19 levels left

rFire    + . .     SeeInvis .   b - staff of fire
rCold    . . .     Faith    .   (no shield)
rNeg     . . .     Spirit   .   m - +0 leather armour
rPois    .         Reflect  .   c - +0 hat
rElec    .         Harm     .   (no cloak)
rCorr    .         Rampage  .   e - +0 pair of gloves
Will     .....                  (no boots)
Stlth    ++........             (no amulet)
HPRegen  0.11/turn              f - ring of magical power
MPRegen  0.20/turn              n - +4 ring of slaying

@: very slightly contaminated
A: no striking features
a: no special abilities


You were on level 4 of the Dungeon.
You visited 1 branch of the dungeon, and saw 4 of its levels.

You collected 196 gold pieces.

Inventory:

Missiles
 h - 58 arrows
 p - 3 atropa-tipped darts
Armour
 c - a +0 hat (worn)
 e - a +0 pair of gloves (worn)
 m - a +0 leather armour (worn)
Magical Staves
 b - a staff of fire (weapon)
Jewellery
 f - a ring of magical power (left hand)
 n - a +4 ring of slaying (right hand)
 o - a ring of protection from fire
Wands
 i - a wand of flame (23)
Scrolls
 a - a scroll of identify {unknown}
 j - a scroll of fog {unknown}
 k - a scroll of amnesia {unknown}
 q - a scroll of enchant armour {unknown}
 r - 2 scrolls of noise {unknown}
 s - a scroll of teleportation {unknown}
Potions
 d - a potion of haste {unknown}
 g - a potion of might {unknown}
 l - 2 potions of heal wounds


   Skills:
 + Level 1.0 Fighting
 - Level 1.0 Armour
 - Level 3.1 Dodging
 - Level 3.0 Stealth
 * Level 7.2 Spellcasting
 + Level 3.4 Conjurations
 - Level 1.1 Summonings
 - Level 1.1 Translocations
 + Level 1.4 Fire Magic
 - Level 1.0 Air Magic
 - Level 1.1 Poison Magic
 - Level 1.1 Evocations


You had 8 spell levels left.
You knew the following spells:

 Your Spells              Type           Power      Damage    Failure   Level
a - Magic Dart            Conj           88%        1d7       3%          1
b - Mephitic Cloud        Conj/Pois/Air  15%        N/A       17%         3
c - Call Imp              Summ           12%        N/A       12%         2
d - Blink                 Tloc           N/A        N/A       12%         2
e - Conjure Flame         Conj/Fire      26%        6-21      14%         3

Your spell library contained the following spells:

 Spells                   Type           Power      Damage    Failure   Level
 Slow                     Hex            7%         N/A       19%         2
 Stone Arrow              Conj/Erth      28%        3d8       19%         3
 Gell's Gravitas          Tloc           6%         N/A       24%         3
 Inner Flame              Hex/Fire       15%        N/A       28%         3
 Portal Projectile        Hex/Tloc       18%        N/A       30%         3
 Confusing Touch          Hex            7%         N/A       36%         3
 Tukima's Dance           Hex            7%         N/A       36%         3
 Petrify                  Tmut/Erth      7%         N/A       77%         4
 Lee's Rapid Deconstruct  Erth           3%         3d6*      98%         5
 Metabolic Englaciation   Hex/Ice        3%         N/A       98%         5
 Yara's Violent Unravell  Hex/Tmut       3%         3d4       98%         5


Dungeon Overview and Level Annotations

Branches:
Dungeon (4/15)
 Temple: D:4-7

Altars:
The Shining One

Annotations:
D:4 Duvessa


Message History

Dowan is moderately wounded.
Dowan is engulfed in blazing flames.
Duvessa is engulfed in noxious fumes.
Duvessa appears confused.
Duvessa hits Dowan with a +0 short sword.
Dowan is killed!
Duvessa screams in rage.
Duvessa goes berserk!
Your Poison Magic skill increases to level 1!
Your Evocations skill increases to level 1!
Unknown command.
Unknown command.
Duvessa is engulfed in noxious fumes.
Duvessa appears confused.
Duvessa is engulfed in blazing flames.
Casting: Mephitic Cloud (quite dangerous; 17% risk of failure)
Confirm with . or Enter, or press ? or * to list all spells.
The spell is quite dangerous to cast (14% risk of failure)!
Continue anyway?
You feel a surge of power!
The fire begins to smoulder!
Duvessa is engulfed in noxious fumes.
Duvessa rages.
Duvessa is engulfed in blazing flames.
The fire ignites!
You completely miss Duvessa.
Duvessa is lightly wounded.
Duvessa hits you with a +0 short sword!
Unknown command.
You barely miss Duvessa.
Duvessa is lightly wounded.
Duvessa is engulfed in blazing flames.
Duvessa hits you with a +0 short sword.
Unknown command.
You hit Duvessa but do no damage.
Duvessa is moderately wounded.
Duvessa is engulfed in blazing flames. x2
Unknown command.
You catch the helpless Duvessa completely off-guard!
You hit Duvessa.
Duvessa is moderately wounded.
Duvessa is engulfed in blazing flames.
Duvessa hits you with a +0 short sword!
Ouch! That really hurt!
* * * LOW HITPOINT WARNING * * *
Duvessa is engulfed in blazing flames.
Duvessa hits you with a +0 short sword!
You die...

###########
#.........######
#.###.....##...# #.#
#.....##...#
#.###.....##...###
#@................
#e###.....#.....##
#)# #.....#.#.....
#.?..#
#.#...#.###.##
#....#...#...#.....#
#.##.#.#.#........##
...
....#.#.....##.###
### #>.
.............. ...
........#..###


You could see Duvessa (berserk, confused).

Vanquished Creatures
  Edmund (D:4)
  A kobold brigand (D:4)
  A scorpion (D:4)
  Dowan (D:4)
  2 hounds (D:4)
  5 adders
  2 worms (D:2)
  6 orcs
  7 endoplasms
  2 giant cockroaches (D:2)
  3 goblins
  5 hobgoblins
  4 kobolds (D:2)
  5 quokkas
  3 ball pythons
  6 bats (D:2)
  A frilled lizard (D:3)
  7 rats
62 creatures vanquished.

Notes
Turn   | Place    | Note
-------+----------+-------------------------------------------
     0 | D:1      | pokeman the Deep Elf Hedge Wizard began the quest for the
                  | Orb.
     0 | D:1      | Reached XP level 1. HP: 10/10 MP: 7/7
   776 | D:1      | Found a faded altar of an unknown god.
   843 | D:2      | Reached XP level 2. HP: 16/16 MP: 9/9
  1140 | D:2      | Reached skill level 5 in Spellcasting
  1140 | D:2      | Reached XP level 3. HP: 20/20 MP: 11/11
  1144 | D:2      | Learned a level 3 spell: Mephitic Cloud
  1147 | D:2      | Learned a level 2 spell: Call Imp
  1150 | D:2      | Learned a level 2 spell: Blink
  1154 | D:2      | Learned a level 3 spell: Conjure Flame
  1674 | D:2      | Reached skill level 1 in Fighting
  1674 | D:2      | Reached skill level 1 in Armour
  1689 | D:2      | Identified Hohimnyo's Guide on the Entrancing Rocks
  1986 | D:3      | Reached XP level 4. HP: 25/25 MP: 13/13
  2780 | D:4      | Noticed a scorpion
  2794 | D:4      | Reached skill level 1 in Fire Magic
  2803 | D:4      | Killed a scorpion
  2804 | D:4      | Reached skill level 6 in Spellcasting
  2804 | D:4      | Reached XP level 5. HP: 7/29 MP: 3/15
  3219 | D:4      | Found a glowing golden altar of the Shining One.
  3395 | D:4      | Reached skill level 1 in Air Magic
  3395 | D:4      | Reached XP level 6. HP: 31/34 MP: 17/17
  3557 | D:4      | Noticed Edmund
  3581 | D:4      | Killed Edmund
  3582 | D:4      | Reached skill level 7 in Spellcasting
  3787 | D:4      | Noticed Dowan
  3791 | D:4      | Noticed Duvessa
  3798 | D:4      | Killed Dowan
  3799 | D:4      | Reached skill level 1 in Poison Magic
  3799 | D:4      | Reached skill level 1 in Evocations
  3805 | D:4      | Mangled by Duvessa

Illustrated notes

Levels and vault maps discovered:
D:1:      minmay_arrival_four_houses, layout_basic,
          shapermc_ecumenical_altar_starsandcircs, minmay_misc_feat_hallway,
          minmay_misc_feat_more_columns
D:2:      layout_loops_cross
D:3:      layout_basic
D:4:      layout_basic, tso_altar, uniq_duvessa, uniq_menkaure, uniq_edmund

Skill      XL: |  1  2  3  4  5  6 |
---------------+-------------------+-----
Spellcasting   | 5 6 7 |  7.2
Conjurations   | 2 3 |  3.4
Fighting       | 1 |  1.0
Armour         | 1 |  1.0
Fire Magic     | 1 |  1.4
Dodging        | 3 |  3.1
Stealth        | 3 |  3.0
Air Magic      | 1 |  1.0
Poison Magic   | 1 |  1.1
Evocations     | 1 |  1.1
Summonings     | |  1.1
Translocations | |  1.1

Action                   |  1- 3 |  4- 6 || total
-------------------------+-------+-------++-------
Melee: Staff             |       |    17 ||    17
 Cast: Magic Dart        |   104 |    92 ||   196
       Mephitic Cloud    |       |     4 ||     4
       Call Imp          |       |     7 ||     7
       Conjure Flame     |       |     3 ||     3
 Stab: Confused          |       |     4 ||     4
Armor: Robe              |     2 |       ||     2
       Leather armour    |       |     4 ||     4
Dodge: Dodged            |     5 |    27 ||    32

Table legend: (Time is in decaauts)
 A = Elapsed time spent in this place.
 B = Non-inter-level travel time spent in this place.
 C = Inter-level travel time spent in this place.
 D = Time resting spent in this place.
 E = Time spent auto-exploring this place.
 F = Levels seen in this place.
 G = Mean time per level.
                   A        B        C        D        E       F      G
               +--------+--------+--------+--------+--------+-----+--------+
         Total |   3806 |   3748 |     58 |    211 |   3126 |   4 |  951.5 |
       Dungeon |   3806 |   3748 |     58 |    211 |   3126 |   4 |  951.5 |
               +--------+--------+--------+--------+--------+-----+--------+

Top non-repeatable levels by time:
     D:2: 1088 daAuts
     D:4: 1028 daAuts
     D:3: 856 daAuts
     D:1: 832 daAuts
